 Dungeon Crawl Stone Soup version 0.25-a0-835-gb37b1c2 (webtiles) character file.

Game seed: 6069201102319052646, levelgen mode: deterministic

9877 robertstho the Cleaver (level 11, -9/101 HPs)
             Began as a Minotaur Berserker on Apr 23, 2020.
             Was a High Priest of Trog.
             Shot with an arrow by a centaur warrior (16 damage)
             ... on level 13 of the Dungeon.
             The game lasted 00:16:33 (7143 turns).

robertstho the Cleaver (Minotaur Berserker)         Turns: 7143, Time: 00:16:33

Health: -9/101     AC: 13    Str: 24    XL:     11   Next: 28%
Magic:  0/10       EV: 12    Int:  5    God:    Trog [*****.]
Gold:   368        SH:  0    Dex:  5    Spells: 10/10 levels left

rFire    + . .     SeeInvis .   C - +0 battleaxe
rCold    . . .     Gourm    .   (shield currently unavailable)
rNeg     . . .     Faith    .   G - +6 chain mail "Lued Loa" {rF+ rCorr Dex-5}
rPois    .         Spirit   +   (helmet restricted)
rElec    .         Reflect  .   A - scarf {Spirit}
rCorr    +         Harm     .   (no gloves)
MR       ++...                  (no boots)
Stlth    ..........             (no amulet)
HPRegen  1.26/turn              E - +3 ring of evasion
MPRegen  0.12/turn              (no ring)

@: about to teleport, corroded, berserk cooldown, regenerating
A: retaliatory headbutt, horns 2
a: Berserk, Trog's Hand, Brothers in Arms, Renounce Religion


You were on level 13 of the Dungeon.
You worshipped Trog.
Trog was extremely pleased with you.
You were near starving.

You visited 1 branch of the dungeon, and saw 11 of its levels.

You collected 524 gold pieces.
You spent 156 gold pieces at shops.

Inventory:

Hand Weapons
 C - a +0 battleaxe (weapon)
 D - a +0 broad axe
Missiles
 t - 7 curare-tipped darts (quivered)
Armour
 s - a +0 plate armour
 A - a scarf of spirit shield (worn)
 G - the +6 chain mail "Lued Loa" (worn) {rF+ rCorr Dex-5}
   (You found it on level 8 of the Dungeon)

   It affects your dexterity (-5).
   It protects you from fire.
   It provides partial protection from all sources of acid and corrosion.
Jewellery
 E - a +3 ring of evasion (left hand)
Wands
 a - a wand of paralysis (6)
 v - a wand of clouds (1)
 y - a wand of scattershot (5)
Scrolls
 b - a scroll of fog {unknown}
 e - a scroll of immolation {unknown}
 f - 2 scrolls of amnesia {unknown}
 g - 8 scrolls of identify {unknown}
 h - a scroll of magic mapping {unknown}
 i - 2 scrolls of remove curse
 o - a scroll of holy word {unknown}
 u - a scroll of fear {unknown}
 B - a scroll of enchant armour {unknown}
 F - a scroll of acquirement {unknown}
 J - a scroll of noise {unknown}
Potions
 j - 5 potions of curing
 l - 2 potions of brilliance {unknown}
 m - 3 potions of resistance {unknown}
 n - 3 potions of might
 p - 2 potions of invisibility {unknown}
 q - 2 potions of ambrosia {unknown}
 r - 3 potions of lignification {unknown}
 w - a potion of degeneration {unknown}
 x - a potion of flight {unknown}
 z - a potion of haste {unknown}
 H - a potion of mutation {unknown}
 K - 2 potions of cancellation {unknown}
Comestibles
 c - 16 rations
 I - 9 chunks of flesh


   Skills:
 + Level 10.6 Fighting
 + Level 14.7 Axes
 + Level 10.1 Armour
 + Level 4.8 Dodging
 + Level 1.6 Stealth


You had 10 spell levels left.
You didn't know any spells.
Your spell library was empty.

Dungeon Overview and Level Annotations

Branches:
Dungeon (10/15)            Temple (0/1) D:4            Lair (0/6) D:9
    Orc: D:9-12

Altars:
Hepliaklqana
Kikubaaqudgha
Makhleb
Nemelex Xobeh
Uskayaw
Wu Jian
Zin
The Shining One

Shops:
D:4 !   D:7 (

Annotations:
D:4 Good potion shop


Innate Abilities, Weirdness & Mutations

You reflexively headbutt those who attack you in melee.
You have a pair of horns on your head.


Message History

The centaur warrior wields a +0 shortbow.
The centaur warrior shoots an arrow.
The arrow hits you!
* * * LOW HITPOINT WARNING * * *
You see here an arrow.
Your skin crawls.
You feel resistant to hostile enchantments.
You feel somewhat more hungry. The orc warrior barely misses you.
The centaur warrior shoots an arrow.
The arrow hits you.
* * * LOW HITPOINT WARNING * * *
Unknown command.
You feel better.
Your surroundings seem slightly different.
The killer bee buzzes angrily.
You hear an angry buzzing noise.
The centaur warrior shoots an arrow.
The arrow hits you!
* * * LOW HITPOINT WARNING * * *
A killer bee comes into view.
As you read the scroll of teleportation, it crumbles to dust.
You feel strangely unstable.
The centaur warrior shoots an arrow.
The arrow hits you!
You die...

#### #### ####..# #..## #
##.((.†###...### ##.
#...(.[h#(.....#.##
#...#######......(†Qy.......#
#...))(##(.....o###)$......#
#..#..)#)(......@# ##).....##
# #....)....c....y..........$
#.........#...###....)......
...........#...# ..........#
............?..# ...#........
.##......#.#........##.......
..y......###......... #...###
.......... ..## ## .....##...


You could see a centaur warrior, an orc warrior, a howler monkey and a killer
bee.

Vanquished Creatures
  A centaur warrior (D:13)
  A two-headed ogre (D:9)
  An ugly thing (D:13)
  A black mamba (shapeshifter) (D:13)
  Joseph (D:7)
  A tengu conjurer (D:13)
  Grinder (D:6)
  2 trolls (D:9)
  A hippogriff (D:9)
  A yak (D:7)
  A human (D:7)
  Grum (D:9)
  3 hogs (D:7)
  Menkaure (D:6)
  4 orc warriors
  A sky beast (D:9)
  A black bear (D:7)
  2 ice beasts
  A wolf (D:9)
  2 ogres
  7 centaurs
  A big kobold (D:7)
  7 bullfrogs
  2 gnoll sergeants (D:9)
  A scorpion (D:7)
  24 killer bees
  2 vampire bats (D:9)
  An electric eel (D:9)
  2 howler monkeys
  4 crimson imps
  5 jellies
  A bullfrog zombie (D:9)
  An orc priest (D:7)
  A gnoll shaman (D:9)
  18 hounds
  2 bullfrog skeletons
  Natasha (thrice) (D:4)
  4 iguanas
  5 worker ants
  6 orc wizards
  2 hound skeletons
  A howler monkey zombie (D:7)
  Robin (D:2)
  12 gnolls
  5 adders
  2 shadow imps
  An ooze (D:1)
  An adder zombie (D:7)
  2 adder skeletons
  A worm (D:3)
  A dart slug (D:2)
  9 leopard geckos
  24 orcs
  A ball python (D:6)
  5 bat zombies (D:9)
  3 giant cockroaches
  14 goblins
  20 hobgoblins
  15 jackals
  13 kobolds
  A quokka (D:7)
  10 bats
  7 frilled lizards
  9 rats
285 creatures vanquished.

Vanquished Creatures (collateral kills)
  A tengu conjurer (D:13)
  A phantom (D:13)
  4 killer bees (D:13)
  3 wights (D:13)
9 creatures vanquished.

Grand Total: 294 creatures vanquished

Notes
Turn   | Place    | Note
-------+----------+-------------------------------------------
     0 | D:1      | robertstho the Minotaur Berserker began the quest for the
                  | Orb.
     0 | D:1      | Reached XP level 1. HP: 19/19 MP: 0/0
   150 | D:1      | Reached XP level 2. HP: 27/27 MP: 1/1
   226 | D:1      | Reached skill level 4 in Axes
   484 | D:1      | Reached ** piety under Trog
   485 | D:1      | Reached XP level 3. HP: 32/33 MP: 2/2
   862 | D:2      | Noticed Robin
   866 | D:2      | Killed Robin
   942 | D:2      | Reached XP level 4. HP: 25/41 MP: 3/3
   962 | D:2      | Reached skill level 5 in Axes
  1168 | D:2      | Reached *** piety under Trog
  1375 | D:2      | Noticed a moth of wrath
  1375 | D:2      | You fall into a shaft and drop 1 floor!
  1576 | D:3      | Reached XP level 5. HP: 47/47 MP: 4/4
  1703 | D:3      | Reached skill level 1 in Stealth
  2159 | D:4      | Found Jassuebbos's Distillery.
  2162 | D:4      | Bought a potion of curing for 39 gold pieces
  2162 | D:4      | Bought a potion of heal wounds for 65 gold pieces
  2181 | D:4      | Found a staircase to the Ecumenical Temple.
  2311 | D:4      | Found a hazy altar of Hepliaklqana.
  2316 | D:4      | Found a glowing golden altar of the Shining One.
  2317 | D:4      | Found a hide-covered altar of Uskayaw.
  2319 | D:4      | Found an ornate altar of the Wu Jian Council.
  2322 | D:4      | Found a sparkling altar of Nemelex Xobeh.
  2465 | D:4      | Noticed Natasha
  2471 | D:4      | Killed Natasha
  2559 | D:4      | Noticed Natasha
  2567 | D:4      | Killed Natasha
  2567 | D:4      | Reached skill level 6 in Axes
  2592 | D:4      | Noticed Natasha
  2598 | D:4      | Killed Natasha
  2598 | D:4      | Reached XP level 6. HP: 53/55 MP: 5/5
  2605 | D:5      | Entered Level 5 of the Dungeon
  2680 | D:5      | Reached skill level 5 in Fighting
  2712 | D:5      | Noticed an ice beast
  2718 | D:5      | Killed an ice beast
  2901 | D:5      | HP: 3/84 [centaur (5)]
  2902 | D:5      | Reached skill level 7 in Axes
  2902 | D:5      | Reached XP level 7. HP: 3/61 MP: 6/6
  3399 | D:5      | Reached skill level 5 in Armour
  3582 | D:6      | Noticed Menkaure
  3586 | D:6      | Killed Menkaure
  3593 | D:6      | Reached skill level 8 in Axes
  3746 | D:6      | Reached XP level 8. HP: 70/70 MP: 7/7
  3796 | D:6      | Noticed Grinder
  3804 | D:6      | Reached **** piety under Trog
  3818 | D:6      | Killed Grinder
  3890 | D:6      | Reached skill level 9 in Axes
  4593 | D:7      | Found Seank's Weapon Shoppe.
  4609 | D:7      | Reached skill level 10 in Axes
  4609 | D:7      | Reached XP level 9. HP: 48/79 MP: 4/8
  4649 | D:7      | Bought a +0 broad axe for 52 gold pieces
  4930 | D:7      | Noticed Joseph
  4944 | D:7      | Killed Joseph
  4974 | D:7      | Reached skill level 11 in Axes
  5182 | D:7      | Reached ***** piety under Trog
  5199 | D:7      | Reached skill level 12 in Axes
  5203 | D:7      | Reached XP level 10. HP: 48/90 MP: 3/9
  5624 | D:8      | Found a burning altar of Makhleb.
  5866 | D:8      | Found a glowing silver altar of Zin.
  6044 | D:8      | Got a smoking chain mail
  6054 | D:8      | Identified the +6 chain mail "Lued Loa" {rF+ rCorr Dex-5}
                  | (You found it on level 8 of the Dungeon)
  6152 | D:9      | Noticed a two-headed ogre
  6379 | D:9      | Noticed Grum
  6384 | D:9      | Killed Grum
  6440 | D:9      | Killed a two-headed ogre
  6440 | D:9      | Reached skill level 13 in Axes
  6569 | D:9      | Found a staircase to the Lair.
  6692 | D:9      | Found an ancient bone altar of Kikubaaqudgha.
  6893 | D:9      | Reached skill level 10 in Fighting
  6975 | D:10     | Entered Level 10 of the Dungeon
  6978 | D:10     | Received a gift from Trog
  6986 | D:10     | You fall into a shaft and drop 3 floors!
  6987 | D:13     | Noticed a manticore
  6987 | D:13     | Noticed a centaur warrior
  6988 | D:13     | Noticed a green ugly thing
  6988 | D:13     | Noticed an eight-headed hydra
  6990 | D:13     | Noticed a black mamba
  6994 | D:13     | Killed a black mamba
  6999 | D:13     | Noticed a brown ugly thing
  7000 | D:13     | Noticed a centaur warrior
  7008 | D:13     | Killed a centaur warrior
  7008 | D:13     | Reached skill level 14 in Axes
  7008 | D:13     | Reached XP level 11. HP: 100/100 MP: 6/10
  7012 | D:13     | Killed a brown ugly thing
  7088 | D:13     | HP: 4/101 [rock wall collision (14)]
  7103 | D:13     | Reached skill level 10 in Armour
  7133 | D:13     | Noticed a tengu reaver
  7142 | D:13     | HP: 5/101 [centaur warrior/arrow (10)]
  7143 | D:13     | Shot with an arrow by a centaur warrior

Levels and vault maps discovered:
D:1:      dpeg_arrival_round_b, layout_loops_ring, minmay_split_cup_small
D:2:      layout_loops_cross, tgw_trog, uniq_robin
D:3:      layout_basic
D:4:      layout_gridville, minitemple, minmay_temple_entry_from_below_a,
          serial_shops, shop, first_ration, uniq_natasha
D:5:      layout_basic
D:6:      layout_loops_corners, uniq_grinder, uniq_menkaure
D:7:      layout_gridville, serial_shops, shop_coins, grunt_livestock,
          uniq_joseph
D:8:      layout_cave_pods, lemuel_round_altar, overflow_temple_1_default
D:9:      layout_cross, kennysheep_vampire_church, erik_lair_island,
          serial_gnoll_camp, grums_kennel, gnoll_camp_medium_02,
          gnoll_camp_mini_hut, gnoll_camp_mini_hut, minmay_misc_feat_nine_boxes,
          minivault_27
D:10:     layout_grid_maze, serial_shops, kennysheep_mini_moat, uniq_urug,
          uniq_erolcha, uniq_maurice
D:13:     hangedman_what_comes_after_a, layout_cave_pools

Skill      XL: |  1  2  3  4  5  6  7  8  9 10 11 |
---------------+----------------------------------+-----
Fighting       | 4 5 7 8 10 | 10.6
Axes           | 4 5 6 7 8 10 12 14 | 14.7
Stealth        | 1 |  1.6
Dodging        | 3 4 |  4.8
Armour         | 3 4 6 7 8 9 10 | 10.1

Action                   |  1- 3 |  4- 6 |  7- 9 | 10-12 || total
-------------------------+-------+-------+-------+-------++-------
Melee: Hand axe          |    87 |   155 |   129 |       ||   371
       Headbutt          |     7 |    23 |    49 |    27 ||   106
       Battleaxe         |       |       |    85 |   279 ||   364
Invok: Berserk           |       |     2 |     6 |     5 ||    13
       Trog's Hand       |       |       |       |     3 ||     3
       Brothers in Arms  |       |       |       |     1 ||     1
Evoke: Wand              |       |       |       |     2 ||     2
  Use: Scroll            |       |       |       |     5 ||     5
       Potion            |       |       |       |     5 ||     5
 Stab: Sleeping          |     1 |       |       |       ||     1
  Eat: Chunk             |       |     5 |    12 |    12 ||    29
       Ration            |       |     1 |       |       ||     1
Armor: Animal skin       |    19 |     8 |       |       ||    27
       Ring mail         |       |    28 |     2 |       ||    30
       Chain mail        |       |       |    19 |   256 ||   275
       Plate armour      |       |       |    81 |    14 ||    95
Dodge: Dodged            |    53 |    91 |   108 |   355 ||   607

Table legend:
 A = Non-vault XP
 B = Vault XP
 C = Vault XP percentage of total XP
 D = Non-vault monster count
 E = Vault monster count
 F = Vault count percentage of total count
                 A         B        C        D         E       F
            +---------+---------+-------+---------+---------+-------
      Total |    9314 |    4796 |  34.0 |     216 |      78 |  26.5
            +---------+---------+-------+---------+---------+-------
        D:1 |      45 |      11 |  19.6 |      31 |       3 |   8.8
        D:2 |      84 |      33 |  28.2 |      33 |      10 |  23.3
        D:3 |      51 |       0 |   0.0 |      19 |       0 |   0.0
        D:4 |     121 |      37 |  23.4 |       7 |       1 |  12.5
        D:5 |     624 |       0 |   0.0 |      14 |       0 |   0.0
        D:6 |    1107 |     467 |  29.7 |      27 |       2 |   6.9
        D:7 |    1542 |    1411 |  47.8 |      34 |       6 |  15.0
        D:8 |     246 |       0 |   0.0 |      12 |       0 |   0.0
        D:9 |    2425 |    1566 |  39.2 |      23 |      36 |  61.0
       D:10 |      35 |       0 |   0.0 |       1 |       0 |   0.0
       D:13 |    3034 |    1271 |  29.5 |      15 |      20 |  57.1
            +---------+---------+-------+---------+---------+-------
